 Dungeon Crawl Stone Soup version 0.24.1-11-gbbbb2193e6 (webtiles) character file.

Game seed: 154080091761442055, levelgen mode: deterministic

218 Hugehornet the Insei (level 5, -4/33 HPs)
             Began as an Octopode Transmuter on May 13, 2020.
             Slain by Duvessa
             ... wielding a +0 short sword
              (12 damage)
             ... on level 4 of the Dungeon.
             The game lasted 00:06:33 (4295 turns).

Hugehornet the Insei (Octopode Transmuter)          Turns: 4295, Time: 00:06:33

Health: -4/33      AC:  2    Str: 11    XL:     5   Next: 95%
Magic:  6/9        EV: 19    Int: 17    God:
Gold:   125        SH:  0    Dex: 17    Spells: 0/10 levels left

rFire    . . .     SeeInvis .     - Unarmed
rCold    . . .     Gourm    +   (shield currently unavailable)
rNeg     . . .     Faith    .   (helmet currently unavailable)
rPois    x         Spirit   .   g - amulet of the gourmand
rElec    .         Reflect  .   k - +2 ring of strength
rCorr    .         Harm     .   (no ring)
MR       .....                  (no ring)
Stlth    ++........             (no ring)
HPRegen  0.11/turn              (no ring)
MPRegen  0.11/turn              (no ring)
                                (no ring)
                                (no ring)

@: spider-form, very slightly contaminated, invisible
A: tiny, almost no armour, stealthy swim, (amphibious), 8 rings, (constrict 8)
a: End Transformation


You were on level 4 of the Dungeon.
You were completely stuffed.
You were a venomous arachnid creature.
You visited 1 branch of the dungeon, and saw 4 of its levels.

You collected 125 gold pieces.

Inventory:

Missiles
 a - 12 arrows
Jewellery
 g - an amulet of the gourmand (around neck)
 k - a +2 ring of strength (left front leg)
Scrolls
 b - a scroll of fear {unknown}
 d - 7 scrolls of remove curse {unknown}
 e - 3 scrolls of identify {unknown}
 f - 2 scrolls of noise {unknown}
 l - a scroll of fog {unknown}
 m - 2 scrolls of enchant armour {unknown}
Potions
 h - a potion of lignification {unknown}
 i - a potion of agility {unknown}
 j - a potion of brilliance {unknown}
 n - a potion of might {unknown}
 o - a potion of invisibility
 p - a potion of magic {unknown}
Comestibles
 c - 11 rations


   Skills:
 - Level 1.0 Fighting
 - Level 2.0 Dodging
 - Level 0.6 Stealth
 + Level 3.7 Unarmed Combat
 + Level 3.1 Spellcasting
 * Level 3.5 Transmutations
 * Level 1.0 Ice Magic
 - Level 3.0 Poison Magic


You couldn't memorise any spells.
You knew the following spells:

 Your Spells              Type           Power        Failure   Level  Hunger
a - Beastly Appendage     Tmut           ##....       13%         1    None
b - Sticks to Snakes      Tmut           ##......     17%         2    ##.....
c - Spider Form           Tmut/Pois      ##........   32%         3    ###....
d - Ice Form              Ice/Tmut       ##......     75%         4    ####...

Your spell library contained the following spells:

 Spells                   Type           Power        Failure   Level  Hunger
 Blade Hands              Tmut           ##........   88%         5    ######.


Dungeon Overview and Level Annotations

Branches:
Dungeon (4/15)
 Temple: D:4-7

Altars:
Ru

Annotations:
D:4 Duvessa


Innate Abilities, Weirdness & Mutations

You cannot wear most types of armour.
You are very stealthy in the water. (Stealth+)
((You are amphibious.))
You can wear up to eight rings at the same time.
((You can use your tentacles to constrict eight enemies at once.))
((Your skin changes colour to match your surroundings (Stealth+).))
((Your rubbery body absorbs attacks. (AC +1, EV +1)))


Message History

You hit Duvessa but do no damage.
Duvessa is poisoned.
Duvessa barely misses you.
You closely miss Duvessa. Duvessa barely misses you. x2
You hit Duvessa.
Duvessa is lightly wounded.
Duvessa hits you with a +0 short sword!!
Ouch! That really hurt!
* * * LOW HITPOINT WARNING * * *
You hit Duvessa.
Duvessa is moderately wounded.
Duvessa hits you but does no damage.
It was a potion of invisibility.
You fade into invisibility!
Duvessa closely misses you. Duvessa misses you.
You are very lightly contaminated with residual magic.
Duvessa rages.
Duvessa misses you.
Duvessa is no longer moving quickly.
Duvessa hits you with a +0 short sword!
You die...

#.# #.# #
##.####..).
#
#.)......)#
.
#..####...#
#.#..# .
#.#..#
#..e#
##.s###
##...#
##..#.#
#..##.##
#....#.##
#...###.#
#....#..#
##.##.#.#
#.##.#.#


You could see Duvessa (berserk).

Vanquished Creatures
  Dowan (D:4)
  A worker ant (D:3)
  3 adders (D:2)
  3 gnolls (D:2)
  An ooze (D:2)
  3 worms
  3 dart slugs
  2 leopard geckos
  5 orcs (D:3)
  A ball python (D:3)
  6 bats
  3 giant cockroaches
  8 goblins
  10 hobgoblins
  6 kobolds
  2 frilled lizards
  8 rats
66 creatures vanquished.

Notes
Turn   | Place    | Note
-------+----------+-------------------------------------------
     0 | D:1      | Hugehornet the Octopode Transmuter began the quest for the
                  | Orb.
     0 | D:1      | Reached XP level 1. HP: 13/13 MP: 3/3
   472 | D:1      | Reached XP level 2. HP: 16/18 MP: 3/5
   550 | D:1      | Learned a level 2 spell: Sticks to Snakes
  1369 | D:1      | Reached XP level 3. HP: 20/23 MP: 4/6
  1386 | D:1      | Learned a level 3 spell: Spider Form
  1773 | D:2      | Reached skill level 1 in Poison Magic
  2104 | D:2      | Reached XP level 4. HP: 25/28 MP: 6/8
  2709 | D:2      | Found a sacrificial altar of Ru.
  2973 | D:3      | Reached XP level 5. HP: 19/33 MP: 7/9
  3785 | D:3      | Learned a level 4 spell: Ice Form
  4258 | D:4      | Noticed Dowan
  4273 | D:4      | Killed Dowan
  4273 | D:4      | Reached skill level 1 in Ice Magic
  4284 | D:4      | Noticed Duvessa
  4295 | D:4      | Slain by Duvessa

Levels and vault maps discovered:
D:1:      dpeg_arrival_signposts, layout_basic, minmay_small_reverse_x
D:2:      layout_basic, first_ration, nicolae_ru_path_of_blood
D:3:      layout_loops_cross
D:4:      layout_loops_ring, lemuel_crystal_altar, lemuel_statue_altar,
          uniq_duvessa, uniq_crazy_yiuf_cottage

Skill      XL: |  1  2  3  4  5 |
---------------+----------------+-----
Transmutations | 3 |  3.5
Poison Magic   | 1 2 3 |  3.0
Spellcasting   | 3 |  3.1
Ice Magic      | 1 |  1.0
Fighting       | |  1.0
Dodging        | |  2.0
Stealth        | |  0.6
Unarmed Combat | |  3.7

Action                   |  1- 3 |  4- 6 || total
-------------------------+-------+-------++-------
Melee: Unarmed           |    67 |    90 ||   157
       Constrict         |    22 |    15 ||    37
       Tentacles         |    11 |    10 ||    21
       Kick              |    15 |    18 ||    33
       Punch             |     1 |       ||     1
 Cast: Beastly Appendage |    18 |    22 ||    40
       Spider Form       |       |     5 ||     5
  Use: Potion            |       |     1 ||     1
 Stab: Sleeping          |     5 |     5 ||    10
  Eat: Chunk             |     6 |    15 ||    21
Armor: Skin              |     4 |     5 ||     9
Dodge: Dodged            |    37 |    42 ||    79
